AoeStats
← nacho

Enclosed

505523267Analyzed
1v1 RM · 23d ago on Sep 9, 2026· 21m 42s· 2 players
Game mode
Random Map
Map size
Tiny (2 player)
Population
200
Speed
Normal
Resources
Standard
Victory
Conquest
Starting age
Dark Age
Ending age
Imperial Age
RankedLock teamsTeams togetherTeam positionsShared explorationLock speedFull tech treeHidden civsTurbo modeCheats
Victory
Defeat
🇳🇱 Maya · Netherlands
961
+16
🇦🇷 Byzantines · Argentina
966
-16
Pestilence
0:45 Loom
11:37 Feudal Age
12:47 Double-Bit Axe
12:46 Horse Collar
13:15 Fletching
16:17 Wheelbarrow
15:56 Scale Mail Armor
20:39 Padded Archer Armor
21:48 Gold Mining
nacho
8:27 Loom
10:51 Feudal Age
12:01 Double-Bit Axe
12:05 Horse Collar
15:10 Gold Mining
17:31 Wheelbarrow
17:38 Fletching
22:28 Castle Age
20:41 Padded Archer Armor
Connection lost

Rejoining the realm…

Still unreachable

The connection could not be restored.

Session expired

The server has moved on; the page needs a fresh start.